| TOP OF THE 1ST |
|
Tacoma Rainiers batting - Pitching for Salt Lake Bees : RHP Dave Thomas
|
|
Pitching: RHP Dave Thomas
|
|
|
Batting: LHB Caleb Domino
|
0-0: Ball 1-0: Ball 2-0: Foul Ball, location: 2F 2-1: Foul Ball, location: 2F 2-2: Foul Ball, location: 2F 2-2: Foul Ball, location: 2F 2-2: Ball 3-2: TRIPLE (Flyball, 7LD, EV 107.5 MPH)
|
|
Batting: RHB Brad Robidas
|
0-0: Ball 1-0: Foul Ball, location: 2F 1-1: Foul Ball, location: 2F 1-2: Ball 2-2: Fly out, F4 (Popup, 4, EV 70.0 MPH)
|
|
Batting: RHB Harutomi Matsubara
|
0-0: Ball 1-0: Ball 2-0: Called Strike 2-1: DOUBLE (Flyball, 78D, EV 91.9 MPH) Caleb Domino scores
|
|
Batting: LHB Ryan Lowe
|
0-0: Ball 1-0: Ball 2-0: Ball 3-0: Called Strike 3-1: Foul Ball, location: 2F 3-2: Strikes out swinging
|
|
Batting: RHB Tony Vargas
|
0-0: Ball 1-0: Ball 2-0: Called Strike 2-1: Swinging Strike 2-2: Ball 3-2: Strikes out swinging, 2-3 out at first.
|
| Top of the 1st over - 1 run, 2 hits, 0 errors, 1 left on base; Tacoma 1 - Salt Lake 0 |
| BOTTOM OF THE 1ST |
|
Salt Lake Bees batting - Pitching for Tacoma Rainiers : RHP Dwain Ashford
|
|
Pitching: RHP Dwain Ashford
|
|
|
Batting: RHB Melvin Gomez
|
0-0: Called Strike 0-1: Foul Ball, location: 2F 0-2: SINGLE (Groundball, 56S, EV 70.6 MPH) (infield hit)
|
|
Batting: LHB Rusty Ney
|
0-0: Ball 1-0: Ball 2-0: Ball 3-0: Called Strike 3-1: Base on Balls Melvin Gomez to second
|
|
Batting: SHB Mario Padron
|
0-0: Ball 1-0: Ball 2-0: Foul Ball, location: 2F 2-1: Foul Ball, location: 2F 2-2: Ball 3-2: Grounds into double play, 3-6-3 (Groundball, 3S, EV 91.9 MPH) Melvin Gomez to third
|
|
Batting: RHB Andres Mendiola
|
0-0: Ball 1-0: Called Strike 1-1: Called Strike 1-2: Ground out 6-3 (Groundball, 6, EV 107.5 MPH)
|
| Bottom of the 1st over - 0 runs, 1 hit, 0 errors, 1 left on base; Tacoma 1 - Salt Lake 0 |
| TOP OF THE 2ND |
|
Tacoma Rainiers batting - Pitching for Salt Lake Bees : RHP Dave Thomas
|
|
Batting: RHB Rick Ellis
|
0-0: Ball 1-0: SINGLE (Groundball, 4S, EV 70.0 MPH) (infield hit)
|
|
Batting: RHB Tatsunori Hayakawa
|
0-0: Fielders Choice at 2nd, 4-6 (Groundball, 4, EV 88.8 MPH)
|
|
Batting: RHB Kumar Madugula
|
0-0: Ball 1-0: Grounds into double play, 6-4-3 (Groundball, 6, EV 105.6 MPH)
|
| Top of the 2nd over - 0 runs, 1 hit, 0 errors, 0 left on base; Tacoma 1 - Salt Lake 0 |
| BOTTOM OF THE 2ND |
|
Salt Lake Bees batting - Pitching for Tacoma Rainiers : RHP Dwain Ashford
|
|
Batting: LHB Jack Bell
|
0-0: Swinging Strike 0-1: Foul Ball, location: 2F 0-2: Ball 1-2: Ball 2-2: Strikes out swinging
|
|
Batting: RHB Jeff Long
|
0-0: Ball 1-0: SINGLE (Flyball, 8LS, EV 88.1 MPH)
|
|
Batting: RHB Justin Lauderdale
|
0-0: Ball 1-0: Ball 2-0: Foul Ball, location: 2F 2-1: Foul Ball, location: 2F 2-2: Strikes out looking
|
|
Batting: RHB Jose Pineda
|
0-0: Called Strike 0-1: Ball 1-1: Called Strike 1-2: Ground out 4-3 (Groundball, 34S, EV 87.5 MPH)
|
| Bottom of the 2nd over - 0 runs, 1 hit, 0 errors, 1 left on base; Tacoma 1 - Salt Lake 0 |
| TOP OF THE 3RD |
|
Tacoma Rainiers batting - Pitching for Salt Lake Bees : RHP Dave Thomas
|
|
Batting: RHB David Aguilar
|
0-0: Ball 1-0: Called Strike 1-1: Called Strike 1-2: Ball 2-2: Foul Ball, location: 2F 2-2: Ball 3-2: SINGLE (Groundball, 56D, EV 101.9 MPH)
|
|
Batting: LHB Caleb Domino
|
0-0: Called Strike 0-1: Foul Ball, location: 2F 0-2: Ball 1-2: Ball 2-2: Strikes out swinging
|
|
Batting: RHB Brad Robidas
|
0-0: SINGLE (Line Drive, 56, EV 99.4 MPH) David Aguilar to second
|
|
Batting: RHB Harutomi Matsubara
|
0-0: Fielders Choice at 2nd, 3-6 (Groundball, 3, EV 107.5 MPH) David Aguilar to third
|
|
Batting: LHB Ryan Lowe
|
0-0: Ball 1-0: Called Strike Harutomi Matsubara steals 2nd base (no throw) 1-1: Ball 2-1: Ball 3-1: Called Strike 3-2: Fly out, F6 (Line Drive, 6, EV 65.0 MPH)
|
| Top of the 3rd over - 0 runs, 2 hits, 0 errors, 2 left on base; Tacoma 1 - Salt Lake 0 |
| BOTTOM OF THE 3RD |
|
Salt Lake Bees batting - Pitching for Tacoma Rainiers : RHP Dwain Ashford
|
|
Batting: RHB Juan Rosa
|
0-0: Foul Ball, location: 2F 0-1: Foul Ball, location: 2F 0-2: Strikes out swinging
|
|
Batting: RHB Melvin Gomez
|
0-0: Called Strike 0-1: Ball 1-1: Ball 2-1: Foul Ball, location: 2F 2-2: Ball 3-2: Ground out 4-3 (Groundball, 34, EV 103.1 MPH)
|
|
Batting: LHB Rusty Ney
|
0-0: Ball 1-0: Called Strike 1-1: Ball 2-1: Foul Ball, location: 2F 2-2: Ball 3-2: DOUBLE (Groundball, 3L, EV 100.0 MPH)
|
|
Batting: SHB Mario Padron
|
0-0: Called Strike 0-1: Ball 1-1: Ball 2-1: Ground out 6-3 (Groundball, 6, EV 104.4 MPH)
|
| Bottom of the 3rd over - 0 runs, 1 hit, 0 errors, 1 left on base; Tacoma 1 - Salt Lake 0 |
| TOP OF THE 4TH |
|
Tacoma Rainiers batting - Pitching for Salt Lake Bees : RHP Dave Thomas
|
|
Batting: RHB Tony Vargas
|
0-0: Swinging Strike 0-1: Ball 1-1: Ball 2-1: Ball 3-1: Swinging Strike 3-2: Strikes out looking
|
|
Batting: RHB Rick Ellis
|
0-0: Ball 1-0: Ball 2-0: Ball 3-0: Base on Balls
|
|
Batting: RHB Tatsunori Hayakawa
|
0-0: Ball 1-0: Grounds into double play, 4-6-3 (Groundball, 4, EV 106.9 MPH)
|
| Top of the 4th over - 0 runs, 0 hits, 0 errors, 0 left on base; Tacoma 1 - Salt Lake 0 |
| BOTTOM OF THE 4TH |
|
Salt Lake Bees batting - Pitching for Tacoma Rainiers : RHP Dwain Ashford
|
|
Batting: RHB Andres Mendiola
|
0-0: Called Strike 0-1: Ball 1-1: Called Strike 1-2: Ball 2-2: DOUBLE (Flyball, 8RXD, EV 94.4 MPH)
|
|
Batting: LHB Jack Bell
|
0-0: Called Strike 0-1: Swinging Strike 0-2: SINGLE (Line Drive, 6MD, EV 107.5 MPH) Andres Mendiola to third Runner from 3rd tries for Home, SAFE, throw by CF to home
|
|
Batting: RHB Jeff Long
|
0-0: Called Strike 0-1: Ball 1-1: Swinging Strike 1-2: Foul Ball, location: 2F 1-2: Grounds out, U3 (Groundball, 3L, EV 108.8 MPH)
|
|
Batting: RHB Justin Lauderdale
|
0-0: Ground out 1-3 (Groundball, P, EV 70.0 MPH) Jack Bell to third
|
|
Batting: RHB Jose Pineda
|
0-0: Ball 1-0: Foul Ball, location: 2F 1-1: Ball 2-1: Foul Ball, location: 2F 2-2: DOUBLE (Line Drive, 3D, EV 95.6 MPH) Jack Bell scores
|
|
Batting: RHB Juan Rosa
|
0-0: Ball 1-0: Foul Ball, location: 2F 1-1: Foul Ball, location: 2F 1-2: Ground out 4-3 (Groundball, 4S, EV 65.0 MPH)
|
| Bottom of the 4th over - 2 runs, 3 hits, 0 errors, 1 left on base; Tacoma 1 - Salt Lake 2 |
| TOP OF THE 5TH |
|
Tacoma Rainiers batting - Pitching for Salt Lake Bees : RHP Dave Thomas
|
|
Batting: RHB Kumar Madugula
|
0-0: Foul Ball, location: 2F 0-1: Fly out, F6 (Line Drive, 6M, EV 73.1 MPH)
|
|
Batting: RHB David Aguilar
|
0-0: Ball 1-0: Ball 2-0: Foul Ball, location: 2F 2-1: Ball 3-1: Called Strike 3-2: Strikes out swinging
|
|
Batting: LHB Caleb Domino
|
0-0: Ball 1-0: Foul Ball, location: 2F 1-1: Ball 2-1: Swinging Strike 2-2: Foul Ball, location: 2F 2-2: Ball 3-2: Base on Balls
|
|
Batting: RHB Brad Robidas
|
0-0: Ball Caleb Domino steals 2nd base 1-0: Ball 2-0: SINGLE (Groundball, 4M, EV 108.8 MPH) (infield hit) Caleb Domino to third
|
|
Batting: RHB Harutomi Matsubara
|
0-0: Called Strike Brad Robidas steals 2nd base 0-1: Fly out, F7 (Flyball, 7LM, EV 75.0 MPH)
|
| Top of the 5th over - 0 runs, 1 hit, 0 errors, 2 left on base; Tacoma 1 - Salt Lake 2 |
| BOTTOM OF THE 5TH |
|
Salt Lake Bees batting - Pitching for Tacoma Rainiers : RHP Dwain Ashford
|
|
Batting: RHB Melvin Gomez
|
0-0: Ball 1-0: Ball 2-0: Ball 3-0: Base on Balls
|
|
Batting: LHB Rusty Ney
|
0-0: Ball 1-0: Ball 2-0: Ball 3-0: Called Strike 3-1: Called Strike 3-2: SINGLE (Line Drive, 34D, EV 98.1 MPH) Melvin Gomez to second Melvin Gomez to third
|
|
Batting: SHB Mario Padron
|
0-0: Called Strike Rusty Ney steals 2nd base 0-1: Swinging Strike 0-2: Ball 1-2: 3-RUN HOME RUN (Line Drive, 89XD, EV 103.8 MPH), Distance : 412 ft
|
|
DELAY
|
Rain delay of 69 minutes in the 5th inning.
|
|
Pitching: RHP Kurt Loscalzo
|
|
|
Batting: RHB Andres Mendiola
|
0-0: Ball 1-0: Called Strike 1-1: Ball 2-1: Swinging Strike 2-2: Strikes out swinging
|
|
Batting: LHB Jack Bell
|
0-0: Ball 1-0: Foul Ball, location: 2F 1-1: Ball 2-1: Ball 3-1: Base on Balls
|
|
Batting: RHB Jeff Long
|
0-0: Fly out, F6 (Popup, 56D, EV 52.5 MPH)
|
|
Batting: RHB Justin Lauderdale
|
0-0: Ball 1-0: Called Strike 1-1: Foul Ball, location: 2F 1-2: Strikes out swinging
|
| Bottom of the 5th over - 3 runs, 2 hits, 0 errors, 1 left on base; Tacoma 1 - Salt Lake 5 |
| TOP OF THE 6TH |
|
Tacoma Rainiers batting - Pitching for Salt Lake Bees : RHP Dave Thomas
|
|
Pitching: RHP Austin Maki
|
|
|
Batting: LHB Ryan Lowe
|
0-0: Ball 1-0: Ball 2-0: Ball 3-0: Called Strike 3-1: Base on Balls
|
|
Batting: RHB Tony Vargas
|
0-0: Ball 1-0: Called Strike 1-1: Foul Ball, location: 2F 1-2: Ball 2-2: Ground out U3 (Groundball, 34S, EV 62.5 MPH) Ryan Lowe to second
|
|
Batting: RHB Rick Ellis
|
0-0: Ball 1-0: Swinging Strike 1-1: Ground out 4-3 (Groundball, 4S, EV 66.9 MPH) Ryan Lowe to third
|
|
Batting: RHB Tatsunori Hayakawa
|
0-0: Foul Ball, location: 2F 0-1: Foul Ball, location: 2F 0-2: Strikes out looking
|
| Top of the 6th over - 0 runs, 0 hits, 0 errors, 1 left on base; Tacoma 1 - Salt Lake 5 |
| BOTTOM OF THE 6TH |
|
Salt Lake Bees batting - Pitching for Tacoma Rainiers : RHP Kurt Loscalzo
|
|
Batting: RHB Jose Pineda
|
0-0: Hit by Pitch
|
|
Batting: RHB Juan Rosa
|
0-0: Called Strike 0-1: Swinging Strike 0-2: Ball 1-2: Ball 2-2: Ball 3-2: Foul Ball, location: 2F 3-2: Base on Balls Jose Pineda to second
|
|
Batting: RHB Melvin Gomez
|
0-0: Swinging Strike 0-1: Ball 1-1: Foul Ball, location: 2F 1-2: Fielders Choice at 2nd, 4-6 (Groundball, 4, EV 83.8 MPH) Jose Pineda to third
|
|
Batting: LHB Rusty Ney
|
0-0: Ball 1-0: Ball 2-0: Ball 3-0: Called Strike 3-1: Foul Ball, location: 2F 3-2: Base on Balls Melvin Gomez to second
|
|
Pitching: RHP Dave McGee
|
|
|
Batting: SHB Mario Padron
|
0-0: Ball 1-0: Ball 2-0: Ball 3-0: Foul Ball, location: 2F 3-1: Foul Ball, location: 2F 3-2: Fly out, F8 (Flyball, 8RD, EV 80.0 MPH) Runner from 3rd tags up, SCORES, no throw by CF
|
|
Batting: RHB Andres Mendiola
|
0-0: Ground out 5-3 (Groundball, 56, EV 107.5 MPH)
|
| Bottom of the 6th over - 1 run, 0 hits, 0 errors, 2 left on base; Tacoma 1 - Salt Lake 6 |
| TOP OF THE 7TH |
|
Tacoma Rainiers batting - Pitching for Salt Lake Bees : RHP Austin Maki
|
|
Batting: RHB Kumar Madugula
|
0-0: Called Strike 0-1: Swinging Strike 0-2: Strikes out looking
|
|
Batting: RHB David Aguilar
|
0-0: SINGLE (Groundball, 6D, EV 106.2 MPH)
|
|
Batting: LHB Caleb Domino
|
0-0: Ball David Aguilar steals 2nd base 1-0: Foul Ball, location: 2F 1-1: Ball 2-1: Foul Ball, location: 2F 2-2: Fly out, F3 (Popup, 3SF, EV 56.9 MPH)
|
|
Batting: RHB Brad Robidas
|
0-0: Ball 1-0: Called Strike 1-1: Swinging Strike 1-2: SINGLE (Groundball, 6S, EV 66.9 MPH) (infield hit) David Aguilar to third
|
|
Batting: RHB Harutomi Matsubara
|
0-0: Called Strike 0-1: Ball 1-1: Ball 2-1: Ball 3-1: Base on Balls Brad Robidas to second
|
|
Batting: LHB Ryan Lowe
|
0-0: SINGLE (Groundball, 34D, EV 107.5 MPH) David Aguilar scores Brad Robidas to third Harutomi Matsubara to second Runner from 3rd tries for Home, SAFE, throw by RF to home
|
|
Batting: RHB Tony Vargas
|
0-0: Ball 1-0: Called Strike 1-1: Ball 2-1: Foul Ball, location: 2F 2-2: DOUBLE (Flyball, 8LXD, EV 110.6 MPH) Harutomi Matsubara scores Ryan Lowe to third
|
|
Batting: RHB Rick Ellis
|
0-0: Called Strike 0-1: Called Strike 0-2: Ball 1-2: Ground out 6-3 (Groundball, 6, EV 77.5 MPH)
|
| Top of the 7th over - 3 runs, 4 hits, 0 errors, 2 left on base; Tacoma 4 - Salt Lake 6 |
| BOTTOM OF THE 7TH |
|
Salt Lake Bees batting - Pitching for Tacoma Rainiers : RHP Dave McGee
|
|
Pitching: RHP Aidan Martin
|
|
|
Batting: LHB Jack Bell
|
0-0: Called Strike 0-1: Ball 1-1: Ground out 6-3 (Groundball, 6, EV 92.5 MPH)
|
|
Batting: RHB Jeff Long
|
0-0: Ball 1-0: Called Strike 1-1: Fly out, F8 (Flyball, 89D, EV 102.5 MPH)
|
|
Batting: RHB Justin Lauderdale
|
0-0: Fly out, F4 (Popup, 4M, EV 72.5 MPH)
|
| Bottom of the 7th over - 0 runs, 0 hits, 0 errors, 0 left on base; Tacoma 4 - Salt Lake 6 |
| TOP OF THE 8TH |
|
Tacoma Rainiers batting - Pitching for Salt Lake Bees : RHP Austin Maki
|
|
Pitching: LHP Dan Poirier
|
|
|
Batting: RHB Tatsunori Hayakawa
|
0-0: Called Strike 0-1: Foul Ball, location: 2F 0-2: Ball 1-2: Foul Ball, location: 2F 1-2: Ball 2-2: Ball 3-2: Foul Ball, location: 2F 3-2: SINGLE (Groundball, 4, EV 94.4 MPH)
|
|
Batting: RHB Kumar Madugula
|
0-0: Ball 1-0: Foul Ball, location: 2F 1-1: Called Strike 1-2: Ball 2-2: Foul Ball, location: 2F 2-2: Ball 3-2: Fly out, F7 (Flyball, 7LM, EV 95.0 MPH)
|
|
Batting: RHB David Aguilar
|
0-0: Swinging Strike 0-1: Fielders Choice at 2nd, 5-4 (Groundball, 56, EV 81.2 MPH)
|
|
Pinch Hitting: RHB Bill Vives
|
0-0: Called Strike 0-1: Ball 1-1: Ball 2-1: Foul Ball, location: 2F 2-2: Ball 3-2: Strikes out looking
|
| Top of the 8th over - 0 runs, 1 hit, 0 errors, 1 left on base; Tacoma 4 - Salt Lake 6 |
| BOTTOM OF THE 8TH |
|
Salt Lake Bees batting - Pitching for Tacoma Rainiers : RHP Aidan Martin
|
|
Now in CF: Ignacio Bernal
|
|
|
Batting: RHB Jose Pineda
|
0-0: Swinging Strike 0-1: Ball 1-1: Called Strike 1-2: Ball 2-2: Ground out 5-3 (Groundball, 56, EV 101.9 MPH)
|
|
Batting: RHB Juan Rosa
|
0-0: Ball 1-0: Ball 2-0: DOUBLE (Line Drive, 7LM, EV 109.4 MPH)
|
|
Batting: RHB Melvin Gomez
|
0-0: Ball 1-0: Called Strike 1-1: Foul Ball, location: 2F 1-2: Ball 2-2: Ball 3-2: Foul Ball, location: 2F 3-2: Strikes out swinging
|
|
Batting: LHB Rusty Ney
|
0-0: Ball 1-0: Foul Ball, location: 2F 1-1: Foul Ball, location: 2F 1-2: Foul Ball, location: 2F 1-2: Foul Ball, location: 2F 1-2: Strikes out swinging
|
| Bottom of the 8th over - 0 runs, 1 hit, 0 errors, 1 left on base; Tacoma 4 - Salt Lake 6 |
| TOP OF THE 9TH |
|
Tacoma Rainiers batting - Pitching for Salt Lake Bees : LHP Dan Poirier
|
|
Pitching: RHP Ricky Castillo
|
|
|
Now at 2B: Jose Pineda
|
|
|
Now at 3B: Oren Jones
|
|
|
Batting: RHB Brad Robidas
|
0-0: Called Strike 0-1: Called Strike 0-2: Ball 1-2: Strikes out swinging
|
|
Batting: RHB Harutomi Matsubara
|
0-0: Called Strike 0-1: Foul Ball, location: 2F 0-2: Fly out, F9 (Flyball, 89S, EV 91.9 MPH)
|
|
Batting: LHB Ryan Lowe
|
0-0: SOLO HOME RUN (Flyball, 9D, EV 99.4 MPH), Distance : 367 ft
|
|
Batting: RHB Tony Vargas
|
0-0: Ball 1-0: Swinging Strike 1-1: Ball 2-1: Ball 3-1: Foul Ball, location: 2F 3-2: Foul Ball, location: 2F 3-2: SINGLE (Flyball, 3D, EV 86.2 MPH)
|
|
Batting: RHB Rick Ellis
|
0-0: Foul Ball, location: 2F 0-1: Foul Ball, location: 2F 0-2: Ball 1-2: Ball 2-2: Foul Ball, location: 2F 2-2: Ground out U3 (Groundball, 3S, EV 86.9 MPH)
|
| Top of the 9th over - 1 run, 2 hits, 0 errors, 1 left on base; Tacoma 5 - Salt Lake 6 |
|